 Dungeon Crawl Stone Soup version 0.19-a0-1899-g2d93087 (webtiles) character file.

7 poirepourri the Insei (level 2, -7/18 HPs)
             Began as an Octopode Transmuter on Oct 19, 2016.
             Mangled by a gnoll
             ... wielding a +0 flail
              (9 damage)
             ... on level 1 of the Dungeon.
             The game lasted 00:01:22 (364 turns).

poirepourri the Insei (Octopode Transmuter)          Turns: 364, Time: 00:01:23

Health: -7/18      AC:  1    Str:  9    XL:     2   Next: 4%
Magic:  3/5        EV: 13    Int: 15    God:
Gold:   6          SH:  0    Dex: 12    Spells: 1 memorised, 4 levels left

rFire  . . .     SeeInvis .       - Unarmed
rCold  . . .     Gourm    .     (no shield)
rNeg   . . .     Faith    .     (helmet restricted)
rPois  .         Spirit   .     (no amulet)
rElec  .         Reflect  .     (no ring)
rCorr  .         Harm     .     (no ring)
MR     .....                    (no ring)
Stlth  ++........               (no ring)
                                (no ring)
                                (no ring)
                                (no ring)
                                (no ring)

@: appendage (expiring), very slightly contaminated
A: almost no armour, stealthy swim, amphibious, 8 rings, constrict 8, tentacle
spike 3, camouflage 1, gelatinous body 1
a: End Transformation


You were on level 1 of the Dungeon.
You were not hungry.
One of your tentacles had a temporary spike.
You visited 1 branch of the dungeon, and saw 1 of its levels.

You collected 6 gold pieces.

Inventory:

Missiles
 a - 12 arrows
Potions
 d - a potion of mutation {unknown}
 f - a potion of flight {unknown}
Books
 b - a book of Changes

   Spells                             Type                      Level
   a - Beastly Appendage              Transmutation                1
   b - Sticks to Snakes               Transmutation                2
   c - Spider Form                    Transmutation/Poison         3
   d - Ice Form                       Ice/Transmutation            4
   e - Blade Hands                    Transmutation                5
Comestibles
 c - a bread ration


   Skills:
 + Level 1.0 Fighting
 + Level 2.0 Dodging
 + Level 0.4 Stealth
 + Level 3.2 Unarmed Combat
 + Level 2.1 Spellcasting
 + Level 2.2 Transmutations


You had 4 spell levels left.
You knew the following spells:

 Your Spells              Type           Power        Failure   Level  Hunger
a - Beastly Appendage     Tmut           #.....       12%         1    #......


Dungeon Overview and Level Annotations

Branches:
Dungeon (1/15)

Altars:


Innate Abilities, Weirdness & Mutations

You cannot wear most types of armour.
You are very stealthy in the water. (Stealth+)
You are amphibious.
You can wear up to eight rings at the same time.
You can use your tentacles to constrict eight enemies at once.
Your skin changes colour to match your surroundings (Stealth+).
Your rubbery body absorbs attacks. (AC +1, EV +1)
One of your tentacles bears a large vicious spike.


Message History

Casting: Beastly Appendage
Confirm with . or Enter, or press ? or * to list all spells.
You don't know that spell.
Sorry, you're not good enough to have a special ability.
Found a hand axe.
Casting: Beastly Appendage
Confirm with . or Enter, or press ? or * to list all spells.
One of your tentacles grows a vicious spike.
The gnoll hits you with a flail!
Ouch! That really hurt!
* * * LOW HITPOINT WARNING * * *
You tentacle-slap the gnoll. Your grab misses the gnoll.
The gnoll is moderately wounded.
Your transformation is almost over.
You barely miss the gnoll. You grab the gnoll. You squeeze the gnoll.
The gnoll is severely wounded.
You constrict the gnoll, but do no damage.
The gnoll hits you with a flail!
Ouch! That really hurt!
You die...

####.#
#....#############
#.##.....[.......#
#...........####.#
#..#.....##.# #.#
#.##8###8##.# #.#
...#........# #.#
...#.....#..# #g#
...#..<..#..# #@#
#..#.....#..##.......#
#........#..##......).#
..##8###8##.##.#.###..#
...#.....#..##.#.## .#
............##..... #
.........### . ...#
.........+ ... ...#
...[)....# #. #.#


You could see a gnoll.

Vanquished Creatures
  A bat (D:1)
  2 goblins (D:1)
  2 hobgoblins (D:1)
  A rat (D:1)
6 creatures vanquished.

Notes
Turn   | Place    | Note
-------+----------+-------------------------------------------
     0 | D:1      | poirepourri the Octopode Transmuter began the quest for the Orb.
     0 | D:1      | Reached XP level 1. HP: 13/13 MP: 3/3
   326 | D:1      | Reached XP level 2. HP: 11/18 MP: 3/5
   364 | D:1      | Mangled by a gnoll

Vault maps used:
D:1:      scummos_arrival_simple_crosswalls, serial_bayou, serial_bayou_pond_a,
          serial_bayou_crossing, serial_bayou_pond_d, serial_bayou_pond_e,
          serial_bayou_pond_d

Action                   || total
-------------------------++-------
Melee: Unarmed           ||    18
       Constrict         ||     6
       Kick              ||     4
       Tentacles         ||     2
 Cast: Beastly Appendage ||     6
  Use: Scroll            ||     2
Armor: Skin              ||     6
Dodge: Dodged            ||     7
